Map: 贝克特工业-天梯版

Players

Maru - Winner!

  • Race: Terran Terran
  • League: Diamond

hAppynOOb

  • Race: Protoss Protoss
  • League: Diamond

VOD

Have the link to the VOD?

Description

Time

  • Played on: Feb. 13, 2022, 12:15 p.m.
  • Length: 12:34
Show
View Real Time Build Order
Export as new Build Order

Maru Terran - Winner!

Build Orders:  

Get SALT Encoding   

  12  0:00  SCV  
  13  0:12  SCV  
  14  0:17  Supply Depot  
  14  0:24  SCV  
  15  0:38  SCV  
  15  0:39  Barracks  
  16  0:47  Refinery  
  16  0:50  SCV  
  17  1:03  SCV  
  18  1:13  Engineering Bay  
  18  1:15  SCV  
  19  1:32  Barracks Reactor  
  20  1:33  Orbital Command  
  19  1:57  Command Center  
  19  2:01  SCV  
  20  2:12  Supply Depot  
  20  2:13  Marine  
  21  2:16  SCV  
  22  2:27  Marine  
  23  2:31  Barracks  
  23  2:34  SCV, Marine  
  25  2:42  Barracks  
  25  2:46  SCV  
  25  2:48  Marine  
  27  2:57  Marine  
  28  3:00  SCV  
  29  3:05  Marine  
  29  3:10  Orbital Command  
  30  3:14  Marine  
  30  3:16  SCV  
  32  3:21  Barracks Tech Lab  
  32  3:23  Marine  
  32  3:32  Barracks Tech Lab  
  32  3:38  SCV x2, Refinery  
  32  3:39  Marine  
  32  3:41  Stimpack, Marine  
  35  3:44  Marauder  
  38  3:50  SCV  
  38  3:51  Combat Shield  
  38  3:54  Marauder  
  41  3:56  SCV  
  41  4:02  SCV  
  43  4:03  Marine x2  
  43  4:07  Supply Depot  
  45  4:11  SCV  
  45  4:15  Marauder  
  50  4:17  Marauder  
  50  4:20  SCV  
  51  4:25  Engineering Bay  
  51  4:29  Factory  
  51  4:30  Marine  
  52  4:32  Marine  
  52  4:38  Marauder  
  55  4:40  SCV x2  
  57  4:48  Marauder, Marine  
  60  4:53  SCV, Supply Depot  
  60  5:04  SCV  
  60  5:05  SCV  
  61  5:09  Missile Turret  
  61  5:10  Marine  
  62  5:15  Marauder  
  63  5:23  Marauder  
  63  5:25  Factory Reactor  
  63  5:27  Starport  
  61  5:42  Marine  
  61  5:43  Marauder, Marine  
  63  5:52  Missile Turret x2  
  63  6:02  Marauder, Marine x2  
  66  6:04  Marauder  
  63  6:15  SCV x2  
  65  6:22  Medivac x2  
  69  6:27  Command Center  
  69  6:28  Concussive Shells  
  69  6:33  SCV x2  
  69  6:34  Marauder x2  
  69  6:37  Terran Infantry Weapons Level 1  
  69  6:39  Marine  
  75  6:40  Marine  
  75  6:45  Supply Depot  
  77  6:50  Supply Depot  
  77  6:51  SCV  
  78  6:54  Factory Reactor  
  78  7:06  SCV x2, Marauder x2  
  84  7:13  Supply Depot  
  84  7:14  Supply Depot  
  84  7:15  Medivac  
  84  7:17  Marine  
  84  7:18  SCV  
  84  7:19  SCV  
  89  7:36  Marauder x2, Marine x2  
  95  7:42  Barracks  
  97  7:44  SCV, Widow Mine  
  97  7:45  SCV  
  97  7:47  Refinery  
  97  7:48  Refinery  
  99  7:54  Medivac, Marine  
  99  7:57  Orbital Command  
  102  8:00  SCV x2  
  102  8:05  Marauder, Refinery  
  106  8:08  Refinery  
  106  8:15  Barracks  
  106  8:23  Viking  
  108  8:28  SCV  
  108  8:29  SCV x2  
  111  8:37  Armory  
  111  8:40  SCV  
  111  8:41  SCV x2  
  114  8:49  Marine x2  
  114  8:50  Marauder x2  
  114  8:51  Viking  
  114  8:53  SCV  
  123  8:58  Barracks Tech Lab  
  123  9:04  Barracks Tech Lab  
  123  9:06  SCV x2  
  125  9:13  Supply Depot  
  125  9:15  Supply Depot  
  125  9:20  Starport  
  125  9:35  SCV, Marauder x2, Marine x2  
  125  9:37  Marauder  
  134  9:41  Marauder  
  134  9:42  Viking x2  
  138  9:49  Terran Ship Weapons Level 1  
  138  9:50  Terran Infantry Weapons Level 2  
  138  9:57  Marauder  
  140  10:00  Marine  
  140  10:04  Supply Depot  
  140  10:05  Supply Depot, Command Center  
  140  10:06  Starport Reactor, Marine  
  146  10:07  Marauder x2  
  146  10:12  Viking  
  146  10:13  SCV  
  149  10:21  Supply Depot  
  149  10:22  SCV, Viking, Marauder x2, Marine  
  149  10:25  SCV  
  160  10:28  Marauder  
  160  10:29  Marauder  
  160  10:30  SCV  
  163  10:42  Viking  
  160  10:52  Viking  
  160  10:57  Marauder x3, Marine x3  
  153  11:02  Viking x2  
  135  11:14  Marine  
  135  11:16  Marauder, Marine  
  135  11:17  Viking  
  135  11:18  Marauder x2, Marine  
  125  11:22  Viking, Planetary Fortress  
  125  11:23  SCV  
  127  11:32  Marine  
  116  11:36  Marauder, Marine  
  116  11:38  Marauder  
  116  11:39  Marauder  
  121  11:40  Marauder  
  123  11:50  Marine  
  123  11:54  Marine  
  125  11:58  Marauder  
  125  11:59  Marauder  
  125  12:00  Marine  
  125  12:01  Marauder  
  132  12:02  Missile Turret  
  132  12:08  Marine  
  131  12:10  Barracks  
  131  12:11  Barracks, Marine  
  131  12:14  Ghost Academy  
Show
View Real Time Build Order
Export as new Build Order

hAppynOOb Protoss 

Build Orders: Dark Templar Rush 

Get SALT Encoding   

  12  0:00  Probe  
  13  0:12  Probe  
  14  0:17  Pylon  
  14  0:24  Probe  
  15  0:37  Probe (Chrono Boost), Gateway  
  16  0:44  Assimilator  
  16  0:48  Probe (Chrono Boost)  
  17  0:53  Probe (Chrono Boost)  
  18  1:03  Probe  
  19  1:15  Probe  
  20  1:30  Cybernetics Core  
  20  1:40  Zealot (Chrono Boost)  
  20  1:43  Probe  
  20  1:44  Assimilator  
  20  1:46  Pylon  
  23  2:04  Probe  
  23  2:05  Adept (Chrono Boost)  
  23  2:06  Warp Gate  
  26  2:17  Probe  
  27  2:24  Nexus  
  27  2:29  Probe  
  28  2:35  Twilight Council  
  28  2:41  Probe  
  29  2:51  Robotics Facility  
  29  2:53  Probe  
  30  3:05  Probe  
  31  3:06  Pylon  
  31  3:15  Dark Shrine  
  31  3:24  Probe  
  32  3:39  Probe x2  
  34  3:41  Gateway  
  34  3:43  Gateway  
  34  3:48  Warp Prism  
  34  3:51  Pylon  
  34  3:53  Assimilator  
  36  4:05  Probe  
  36  4:06  Probe  
  38  4:12  Shield Battery  
  38  4:15  Stalker  
  40  4:19  Probe  
  41  4:30  Probe, Pylon  
  42  4:31  Probe  
  43  4:41  Dark Templar  
  43  4:44  Stalker  
  47  4:52  Dark Templar  
  49  5:01  Immortal (Chrono Boost)  
  49  5:02  Probe x2  
  53  5:07  Stalker  
  55  5:14  Probe x2  
  55  5:17  Pylon  
  55  5:25  Dark Templar  
  55  5:27  Dark Templar  
  55  5:28  Probe x2  
  61  5:35  Stalker  
  59  5:45  Shield Battery  
  59  5:47  Probe x2  
  59  6:01  Probe x2  
  61  6:07  Stalker x3  
  67  6:17  Probe  
  67  6:18  Probe, Nexus  
  67  6:22  Pylon  
  67  6:24  Pylon  
  67  6:27  Observer (Chrono Boost)  
  67  6:28  Robotics Bay  
  68  6:37  Assimilator  
  68  6:42  Observer (Chrono Boost)  
  68  6:43  Forge  
  68  6:44  Forge  
  69  6:50  Probe x2  
  71  7:02  Probe x2  
  71  7:04  Pylon  
  71  7:05  Observer (Chrono Boost)  
  71  7:08  Pylon  
  74  7:14  Probe x2  
  76  7:18  Stalker x2  
  76  7:19  Stalker  
  82  7:23  Pylon  
  82  7:25  Shield Battery  
  82  7:26  Colossus (Chrono Boost)  
  84  7:44  Zealot x2  
  84  7:45  Zealot  
  90  7:53  Protoss Ground Weapons Level 1 (Chrono Boost)  
  90  7:54  Protoss Ground Armor Level 1 (Chrono Boost)  
  90  7:57  Gateway  
  90  7:58  Gateway  
  90  8:01  Gateway  
  90  8:04  Probe x2  
  92  8:07  Sentry x2  
  92  8:08  Stalker  
  98  8:15  Extended Thermal Lance  
  98  8:16  Pylon  
  98  8:27  Observer  
  98  8:31  Pylon  
  98  8:38  Colossus (Chrono Boost)  
  104  8:44  Nexus  
  104  8:47  Probe x2  
  106  8:58  Stalker x3  
  112  9:05  Probe x2  
  112  9:09  Pylon  
  114  9:12  Pylon  
  114  9:17  Probe x2  
  116  9:26  Stalker  
  116  9:29  Probe  
  117  9:46  Nexus  
  117  9:51  Probe  
  117  9:52  Probe  
  119  9:55  Photon Cannon  
  119  9:59  Photon Cannon, Protoss Ground Weapons Level 2 (Chrono Boost)  
  119  10:01  Shield Battery  
  119  10:04  Protoss Ground Armor Level 2 (Chrono Boost)  
  119  10:16  Probe x3, Gateway  
  122  10:25  Shield Battery  
  122  10:28  Stalker x2  
  122  10:34  Assimilator  
  124  10:35  Sentry  
  124  10:37  Assimilator  
  126  10:44  Pylon  
  126  10:47  Robotics Facility  
  110  10:59  Stalker  
  110  11:00  Stalker x4  
  110  11:01  Stalker  
  102  11:16  Immortal  
  80  11:18  Zealot  
  80  11:23  Dark Templar x3  
  80  11:24  Dark Templar x2  
  82  11:27  Stalker  
  84  11:39  Probe x2  
  60  11:54  Stalker x2  
  60  11:55  Stalker  
  60  11:56  Stalker x4  
  60  11:58  Immortal (Chrono Boost)  
  82  12:24  Pylon  
  82  12:29  Stalker x4  
Tags
 
Add a new tag
Caveats
  • Supply blocks, unpowered buildings, or Contaminate may cause inaccurate times.
  • Supply counts are checked every 10 seconds.